 Dungeon Crawl Stone Soup version 0.30-a0-576-g89cddaab80 (webtiles) character file.

Game seed: 14399045396432284638

606 rsvaco the Ruffian (level 7, -4/68 HPs)
             Began as a Troll Berserker on Dec 30, 2022.
             Was a Priest of Trog.
             Slain by an ogre
             ... wielding a +0 giant club
              (13 damage)
             ... on level 5 of the Dungeon.
             The game lasted 00:12:16 (3890 turns).

rsvaco the Ruffian (Troll Berserker)                Turns: 3890, Time: 00:12:17

Health: -4/68      AC: 12    Str: 31 (32) XL:     7   Next: 19%
Magic:  6/6        EV: 10    Int:  0      God:    Trog [***...]
Gold:   241        SH:  0    Dex:  7 (8)  Spells: 6/6 levels left

rFire   . . .      SeeInvis .    q - +2 mace (protect)
rCold   . . .      Faith    .    (no shield)
rNeg    . . .      Spirit   .    a - +0 animal skin
rPois   +          Reflect  .    (helmet restricted)
rElec   .          Harm     .    e - +0 cloak
rCorr   .          Rampage  .    (gloves unavailable)
Will    .....                    (boots unavailable)
Stlth   +                        (no amulet)
HPRegen 1.11/turn                f - ring of poison resistance
MPRegen 0.10/turn                (no ring)

@: under a protective aura, slowed, lost intelligence, studying Unarmed Combat,
unable to read, very slow
A: large, unfitting armour, claws 3, regeneration 1, shaggy fur 1, tough skin 1,
dopey 1, strong 1
a: Renounce Religion, Berserk, Trog's Hand


You were on level 5 of the Dungeon.
You worshipped Trog.
Trog was most pleased with you.
You visited 1 branch of the dungeon, and saw 5 of its levels.

You collected 241 gold pieces.

Inventory:

Hand Weapons
 m - a +4 club
 q - a +2 mace of protection (weapon)
 t - a +0 rapier of distortion
 u - a +0 short sword of draining
 v - a +2 short sword of pain
 w - a +2 short sword of venom
 z - a +0 arbalest
Missiles
 d - a throwing net
 l - 39 stones
 n - 3 boomerangs of dispersal
 x - 5 curare-tipped darts
 y - 4 poisoned darts (quivered)
Armour
 a - a +0 animal skin (worn)
 e - a +0 cloak (worn)
Jewellery
 f - a ring of poison resistance (left claw)
Scrolls
 b - a scroll of fear {unknown}
 i - a scroll of enchant weapon
 j - 2 scrolls of identify {unknown}
 k - 2 scrolls of teleportation
 o - a scroll of poison
 p - a scroll of fog {unknown}
Potions
 c - 5 potions of heal wounds
 g - 2 potions of haste
 h - 3 potions of ambrosia
 r - 2 potions of might
 s - 3 potions of curing
 A - a potion of lignification {unknown}


   Skills:
 + Level 3.7 Fighting
 + Level 4.1 Maces & Flails
 + Level 4.0 Dodging
 + Level 0.5 Stealth
 + Level 4.3 Unarmed Combat


You had 6 spell levels left.
You didn't know any spells.
Your spell library contained the following spells:

 Spells                   Type           Power      Damage    Failure   Level
 Necrotise                Necr           0%         1d4       58%         1
 Shock                    Conj/Air       0%         1d3       58%         1
 Sting                    Tmut/Pois      0%         1d3       58%         1
 Summon Small Mammal      Summ           0%         N/A       58%         1
 Ensorcelled Hibernation  Hex/Ice        0%         N/A       75%         2
 Passwall                 Tmut/Erth      0%         N/A       75%         2
 Poisonous Vapours        Pois/Air       0%         N/A       75%         2
 Swiftness                Air            0%         N/A       92%         3
 Olgreb's Toxic Radiance  Pois           0%         N/A       100%        4


Dungeon Overview and Level Annotations

Branches:
Dungeon (5/15)
 Temple: D:4-7

Altars:
Gozag
Nemelex Xobeh
Sif Muna
Vehumet
Xom


Innate Abilities, Weirdness & Mutations

You are too large for most types of armour.
You have claws for hands.
Your natural rate of healing is unusually fast.
You are covered in fur. (AC +1)
You have tough skin. (AC +1)
You are dopey. (Int -2)
Your muscles are strong. (Str +4, Int/Dex -1)


Message History

Something hits you but does no damage.
An ogre comes into view. It is wielding a +0 giant club.
The ogre shouts!
You hear some strange, mumbled words.
You are confused.
The ogre moves out of view.
You hear some strange, mumbled words.
Something tries to affect you, but you resist.
You're too confused to move!
An orc wizard appears from thin air!
Reactivating autopickup.
The ogre hits you with a +0 giant club! The orc wizard barely misses you.
You feel less confused. The orc wizard casts a spell at you.
You resist with some effort.
The ogre hits you with a +0 giant club!!
* * * LOW HITPOINT WARNING * * *
The orc wizard hits you but does no damage.
The ogre closely misses you. The orc wizard barely misses you.
The orc wizard hits you with a +0 dagger.
* * * LOW HITPOINT WARNING * * *
You feel much better.
The orc wizard hits you but does no damage.
The ogre hits you with a +0 giant club!
The orc wizard hits you but does no damage.
You hit the ogre.
Your weapon exudes an aura of protection.
The ogre is lightly wounded.
The ogre closely misses you. The orc wizard completely misses you.
The orc wizard hits you but does no damage.
You barely miss the ogre.
The ogre is lightly wounded.
The ogre hits you with a +0 giant club!
* * * LOW HITPOINT WARNING * * *
The orc wizard gestures at you while chanting.
The puff of flame hits you!
* * * LOW HITPOINT WARNING * * *
You hit the ogre.
Your weapon exudes an aura of protection.
The ogre is moderately wounded.
The ogre hits you with a +0 giant club!
You die...

####.#.)...#....
...........#....
###...#..........
.#...#....#.##....
...##..##.#.......
.....###.##......
......#.........
###.#..........
..###..@.........
.......Oo.......)
###..##..........
#... #.#........
#.# #.#.......! #
#..........
..##....... ...
.###### ...# ##


You could see an ogre and an orc wizard.

Vanquished Creatures
  The ghost of stingscourger the Shooter, an amateur MeHu (D:3)
  A centaur (D:5)
  A kobold brigand (D:3)
  A hound (D:5)
  A jelly (D:4)
  Jessica (D:2)
  4 gnolls (D:4)
  7 adders
  An ufetubus (D:4)
  2 worms (D:2)
  4 dart slugs
  12 orcs
  11 ball pythons
  10 endoplasms
  3 giant cockroaches
  10 goblins
  6 hobgoblins
  14 kobolds
  2 quokkas
  5 bats
  4 frilled lizards
  9 rats
110 creatures vanquished.

Vanquished Creatures (others)
  A scorpion (D:4)
  A hound (D:4)
  An adder (D:4)
  2 goblins (D:4)
  3 hobgoblins (D:4)
8 creatures vanquished.

Grand Total: 118 creatures vanquished

Notes
Turn   | Place    | Note
-------+----------+-------------------------------------------
     0 | D:1      | rsvaco the Troll Berserker began the quest for the Orb.
     0 | D:1      | Reached XP level 1. HP: 22/22 MP: 0/0
   258 | D:1      | Reached XP level 2. HP: 29/29 MP: 1/1
   685 | D:1      | Reached XP level 3. HP: 36/36 MP: 2/2
   767 | D:1      | Reached ** piety under Trog
  1143 | D:2      | Noticed Jessica
  1151 | D:2      | Killed Jessica
  1244 | D:2      | Reached XP level 4. HP: 36/44 MP: 3/3
  1948 | D:3      | Identified a scroll of acquirement
  1948 | D:3      | Acquired a manual of Unarmed Combat
  2039 | D:3      | Found a radiant altar of Vehumet.
  2050 | D:3      | Got An Initiation to the Occult
  2147 | D:3      | Gained mutation: You are dopey. (Int -2) [potion of
                  | mutation]
  2147 | D:3      | Lost intelligence.
  2147 | D:3      | Gained mutation: Your muscles are strong. (Str +4, Int/Dex
                  | -1) [potion of mutation]
  2429 | D:3      | Reached XP level 5. HP: 53/53 MP: 4/4
  2492 | D:3      | Found a runed translucent gate.
  2492 | D:3      | Found a runed translucent gate.
  2493 | D:3      | Found a runed translucent gate.
  2493 | D:3      | Noticed stingscourger's ghost (amateur MeHu)
  2594 | D:3      | Reached skill level 1 in Maces & Flails
  2757 | D:3      | Reached *** piety under Trog
  2780 | D:3      | Killed stingscourger's ghost
  2781 | D:3      | Reached XP level 6. HP: 49/61 MP: 5/5
  2881 | D:4      | Found an opulent altar of Gozag.
  3171 | D:4      | Found a shimmering altar of Xom.
  3579 | D:4      | Found a shimmering blue altar of Sif Muna.
  3714 | D:4      | Found a sparkling altar of Nemelex Xobeh.
  3759 | D:5      | Entered Level 5 of the Dungeon
  3777 | D:5      | Reached XP level 7. HP: 45/68 MP: 6/6
  3890 | D:5      | Slain by an ogre

Illustrated notes

Levels and vault maps discovered:
D:1:      lightli_arrival_windingriver, layout_loops_corners,
          corexii_corridor_pit, bh_walls_and_bars
D:2:      layout_basic, uniq_jessica
D:3:      layout_basic, mainiacjoe_overflow_brackets,
          gammafunk_ghost_nasty_kobolds, minmay_tree_intersection,
          mrwooster_statue_mirror, hangedman_decor_slide_cut,
          kennysheep_flooded_box
D:4:      layout_loops_ring, nicolae_sif_muna_little_library,
          nemelex_dance_club_becter, xom_confusion_cloud, grunt_gozag_statues
D:5:      layout_rooms, marbit_many_paths, dk_noncrumbling_3

Skill      XL: |  1  2  3  4  5  6  7 |
---------------+----------------------+-----
Dodging        | 3 4 |  4.0
Unarmed Combat | 4 |  4.3
Fighting       | 3 |  3.7
Maces & Flails | 3 4 |  4.1
Stealth        | |  0.5

Action                   |  1- 3 |  4- 6 |  7- 9 || total
-------------------------+-------+-------+-------++-------
Melee: Unarmed           |    75 |       |       ||    75
       Club              |     6 |    66 |       ||    72
       Mace              |       |   136 |    39 ||   175
       Punch             |       |     4 |     1 ||     5
Throw: Boomerang         |     2 |     1 |       ||     3
Invok: Berserk           |       |     1 |       ||     1
       Trog's Hand       |       |     1 |     1 ||     2
  Use: Potion            |       |     8 |     1 ||     9
       Scroll            |       |     6 |       ||     6
 Stab: Sleeping          |     1 |       |       ||     1
Armor: Animal skin       |    21 |   137 |    54 ||   212
Dodge: Dodged            |    32 |   176 |    45 ||   253

Table legend: (Time is in decaauts)
 A = Elapsed time spent in this place.
 B = Non-inter-level travel time spent in this place.
 C = Inter-level travel time spent in this place.
 D = Time resting spent in this place.
 E = Time spent auto-exploring this place.
 F = Levels seen in this place.
 G = Mean time per level.
                   A        B        C        D        E       F      G
               +--------+--------+--------+--------+--------+-----+--------+
         Total |   4835 |   4601 |    234 |      0 |   2972 |   5 |  967.0 |
       Dungeon |   4835 |   4601 |    234 |      0 |   2972 |   5 |  967.0 |
               +--------+--------+--------+--------+--------+-----+--------+

Top non-repeatable levels by time:
     D:4: 1404 daAuts
     D:3: 1371 daAuts
     D:1: 1065 daAuts
     D:2: 781 daAuts
     D:5: 212 daAuts
